 Dungeon Crawl Stone Soup version 0.30-a0-297-g0ec75d9ef4 (webtiles) character file.

Game seed: 10679630053285325899

236 chippings the Poker (level 6, 0/48 HPs)
             Began as a Merfolk Gladiator on Oct 18, 2022.
             Was a Believer of Qazlal.
             Slain by Pikel
             ... wielding a +1 whip of freezing
              (1 damage)
             ... on level 4 of the Dungeon.
             The game lasted 00:06:00 (2362 turns).

chippings the Poker (Merfolk Gladiator)             Turns: 2362, Time: 00:06:01

Health: 0/48       AC:  5    Str: 16    XL:     6   Next: 6%
Magic:  3/8        EV: 13    Int:  7    God:    Qazlal [**....]
Gold:   131        SH:  7    Dex: 16    Spells: 5/5 levels left

rFire   . . .      SeeInvis .    a - +0 trident
rCold   . . .      Faith    .    v - +0 buckler
rNeg    . . .      Spirit   .    b - +0 leather armour
rPois   .          Reflect  .    c - +0 helmet
rElec   .          Harm     .    (no cloak)
rCorr   .          Rampage  .    h - +0 pair of gloves
Will    .....                    (no boots)
Stlth   +.........               (no amulet)
HPRegen 0.28/turn                (no ring)
MPRegen 0.11/turn                (no ring)

@: studying Polearms
A: (nimble swimmer 2), mertail
a: Renounce Religion, Upheaval


You were on level 4 of the Dungeon.
You worshipped Qazlal.
Qazlal was pleased with you.
You visited 1 branch of the dungeon, and saw 4 of its levels.
You also visited: Sewer.

You collected 131 gold pieces.

Inventory:

Hand Weapons
 a - a +0 trident (weapon)
Missiles
 d - 3 throwing nets (quivered)
Armour
 b - a +0 leather armour (worn)
 c - a +0 helmet (worn)
 h - a +0 pair of gloves (worn)
 v - a +0 buckler (worn)
Wands
 l - a wand of polymorph (6)
Scrolls
 i - a scroll of torment
 j - 2 scrolls of summoning {unknown}
 k - a scroll of amnesia {unknown}
 o - 2 scrolls of enchant weapon {unknown}
 q - a scroll of poison {unknown}
 u - 2 scrolls of blinking {unknown}
 x - 4 scrolls of teleportation {unknown}
 y - a scroll of identify
Potions
 f - 5 potions of curing {unknown}
 g - 3 potions of might {unknown}
 m - a potion of resistance {unknown}
 n - 2 potions of heal wounds {unknown}
 p - a potion of degeneration {unknown}
 r - a potion of invisibility {unknown}
 s - 2 potions of haste {unknown}
 w - 2 potions of mutation {unknown}
 z - a potion of lignification {unknown}
 A - a potion of cancellation {unknown}


   Skills:
 - Level 4.0 Fighting
 + Level 6.3 Polearms
 - Level 2.0 Throwing
 - Level 4.0 Dodging
 + Level 1.8 Shields
 + Level 2.7 Invocations


You had 5 spell levels left.
You didn't know any spells.
Your spell library was empty.

Dungeon Overview and Level Annotations

Branches:
Dungeon (4/15)              Sewer (visited)
 Temple: D:4-7

Altars:
Qazlal

Shops:
D:1 [

Annotations:
D:3 2 transporters, jlumianski's ghost, amateur DsGl
D:4 Pikel


Innate Abilities, Weirdness & Mutations

((You are very nimble when in or above water. (Stealth+, EV+, Speed+++)))
Your lower body shifts to a powerful aquatic tail in water.


Message History

You hit the lemure.
You kill the lemure!
That felt strangely unrewarding.
You barely miss the lemure.
The lemure is heavily wounded.
The lemure closely misses you.
You hit Pikel.
Pikel is heavily wounded.
Pikel hits you with a +1 whip of freezing!
Pikel freezes you.
You are too injured to fight recklessly!
You are too injured to fight recklessly!
You hit Pikel but do no damage.
Pikel is moderately wounded.
Pikel closely misses you.
You hit Pikel.
Pikel is heavily wounded.
You block Pikel's attack.
You hit Pikel but do no damage.
Pikel is heavily wounded.
You block Pikel's attack.
You hit Pikel but do no damage.
Pikel is heavily wounded.
Pikel barely misses you.
You closely miss Pikel.
Pikel is heavily wounded.
Pikel hits you with a +1 whip of freezing!
* * * LOW HITPOINT WARNING * * *
Pikel freezes you.
* * * LOW HITPOINT WARNING * * *
Unknown command.
You hit Pikel but do no damage.
Pikel is heavily wounded.
Pikel hits you but does no damage.
You closely miss Pikel.
Pikel is heavily wounded.
Pikel hits you with a +1 whip of freezing!
* * * LOW HITPOINT WARNING * * *
Pikel freezes you.
You die...

..............####.#..
#############.####.#..
##>........†.........
...............##.#..
...........#.####.#..
.########...............
........................
........####.###########
....###@# #.# ### #K#
#.# #5# ..# .5? ..#
..... #...... #.......
#........ #.........


You could see Pikel and 2 lemures.

Vanquished Creatures
  A lemure (D:4)
  A hound (D:4)
  11 adders
  A gnoll (D:1)
  3 river rats (Sewer)
  A worm (D:2)
  4 dart slugs
  6 endoplasms
  A giant cockroach (D:3)
  10 goblins
  2 hobgoblins
  2 quokkas (D:1)
  5 ball pythons
  5 bats
  5 frilled lizards
  3 kobolds
  9 rats
70 creatures vanquished.

Notes
Turn   | Place    | Note
-------+----------+-------------------------------------------
     0 | D:1      | chippings the Merfolk Gladiator began the quest for the
                  | Orb.
     0 | D:1      | Reached XP level 1. HP: 16/16 MP: 1/1
    40 | D:1      | Reached XP level 2. HP: 16/23 MP: 2/2
   145 | D:1      | Found a faded altar of an unknown god.
   174 | D:1      | Prayed at the altar of an unknown god.
   174 | D:1      | Became a worshipper of Qazlal Stormbringer
   174 | D:1      | Reached * piety under Qazlal
   184 | D:1      | Reached XP level 3. HP: 29/29 MP: 3/3
   211 | D:1      | Found Uprituakle's Antique Armour Boutique.
   757 | D:2      | Reached skill level 5 in Polearms
   806 | D:2      | Reached skill level 1 in Invocations
   959 | D:2      | Reached XP level 4. HP: 23/35 MP: 4/4
  1309 | D:2      | Reached ** piety under Qazlal
  1477 | D:3      | Noticed jlumianski's ghost (amateur DsGl)
  1501 | D:3      | Found a glowing drain.
  1521 | Sewer    | Entered a sewer
  1649 | Sewer    | Reached XP level 5. HP: 29/42 MP: 6/6
  1770 | Sewer    | Reached skill level 1 in Shields
  2024 | D:3      | Identified a scroll of acquirement
  2026 | D:3      | Acquired a manual of Polearms
  2079 | D:3      | Found a transporter.
  2209 | D:3      | Found a transporter.
  2268 | D:4      | Reached skill level 6 in Polearms
  2310 | D:4      | Reached XP level 6. HP: 41/48 MP: 6/8
  2338 | D:4      | Noticed Pikel
  2362 | D:4      | HP: 1/48 [Pikel/+1 whip of freezing (8)]
  2362 | D:4      | Slain by Pikel

Illustrated notes

Levels and vault maps discovered:
D:1:      heliophobic_arrival_glass_houses, layout_loops_ring,
          basic_ecumenical_altar, serial_shops, nicolae_shop_crystal,
          kennysheep_nondescript
D:2:      layout_loops_cross, kennysheep_another_room
D:3:      layout_basic, gammafunk_ghost_stat_death, portal_sewer_entry_d,
          nicolae_titane, uniq_sigmund
D:4:      layout_basic, nicolae_wu_jian_wuxing_cycle, uniq_eustachio,
          uniq_pikel, uniq_crazy_yiuf_cottage

Skill      XL: |  1  2  3  4  5 |
---------------+----------------+-----
Fighting       | 3 4 |  4.0
Polearms       | 5 6 |  6.3
Invocations    | 1 2 |  2.7
Shields        | 1 |  1.8
Throwing       | |  2.0
Dodging        | |  4.0

Action                   |  1- 3 |  4- 6 || total
-------------------------+-------+-------++-------
Melee: Trident           |    99 |   170 ||   269
       Tailslap          |       |     1 ||     1
Invok: Upheaval          |       |     2 ||     2
  Use: Scroll            |       |     3 ||     3
Armor: Leather armour    |    12 |    22 ||    34
Dodge: Dodged            |    48 |    97 ||   145
Block: Other             |     2 |       ||     2
       Buckler           |       |    41 ||    41

Table legend: (Time is in decaauts)
 A = Elapsed time spent in this place.
 B = Non-inter-level travel time spent in this place.
 C = Inter-level travel time spent in this place.
 D = Time resting spent in this place.
 E = Time spent auto-exploring this place.
 F = Levels seen in this place.
 G = Mean time per level.
                   A        B        C        D        E       F      G
               +--------+--------+--------+--------+--------+-----+--------+
         Total |   2309 |   2274 |     35 |      0 |   1319 |   5 |  461.8 |
       Dungeon |   1845 |   1810 |     35 |      0 |    987 |   4 |  461.2 |
         Sewer |    464 |    464 |      0 |      0 |    332 |   1 |  464.0 |
               +--------+--------+--------+--------+--------+-----+--------+

Top non-repeatable levels by time:
     D:2: 757 daAuts
     D:1: 700 daAuts
   Sewer: 464 daAuts
     D:3: 276 daAuts
     D:4: 111 daAuts
